 Dungeon Crawl Stone Soup version 0.29.1-12-g30fa7ad0bf (webtiles) character file.

Game seed: 17542657666492167364

5243 hawla the Placeless Meteoran (level 11, -1/89 HPs)
             Began as a Meteoran Ice Elementalist on Dec 30, 2022.
             Was a Believer of Vehumet.
             Killed from afar by a catoblepas (6 damage)
             ... with a blast of calcifying dust
             ... on level 9 of the Dungeon.
             The game lasted 00:21:47 (3406 turns).

hawla the Placeless Meteoran (MeIE)                 Turns: 3406, Time: 00:21:47

Health: -1/89      AC:  3    Str: 22      XL:     11   Next: 14%
Magic:  1/32       EV: 13    Int: 24      God:    Vehumet [**....]
Gold:   335        SH:  0    Dex: 13 (15) Spells: 8/25 levels left

rFire   . . .      SeeInvis .   k - +5 trident of the Scorpion {vorpal, Str+7}
rCold   . . .      Faith    .   (no shield)
rNeg    + . .      Spirit   .   a - +1 robe
rPois   .          Reflect  .   (no helmet)
rElec   .          Harm     .   (no cloak)
rCorr   .          Rampage  .   (no gloves)
Will    +....                   (no boots)
Stlth   +.........              (no amulet)
HPRegen 0.24/turn               g - ring of the Little Devil {rN+ Str+4 Int+6}
MPRegen 0.23/turn               i - ring of magical power

@: glowing, unable to drink
A: sense surroundings 2, otherworldly, glowing, explore regen, dopey 1, mutation
resistance 1, robust 1, inability to drink after injury 1
a: Renounce Religion


You were on level 9 of the Dungeon.
You worshipped Vehumet.
Vehumet was pleased with you.
You visited 2 branches of the dungeon, and saw 10 of its levels.

You collected 335 gold pieces.

Inventory:

Hand Weapons
 k - the +5 trident of the Scorpion (weapon) {vorpal, Str+7}
   (You found it on level 5 of the Dungeon)

   It inflicts extra damage upon your enemies.
   Str:       It affects your strength (+7).
Armour
 a - a +1 robe (worn)
 r - a +0 pair of boots
Magical Staves
 m - a staff of earth
Jewellery
 g - the ring of the Little Devil (left hand) {rN+ Str+4 Int+6}
   (You found it on level 4 of the Dungeon)

   [ring of intelligence]

   Str:       It affects your strength (+4).
   Int:       It affects your intelligence (+6).
   rN:        It protects you from negative energy.
 i - a ring of magical power (right hand)
Wands
 f - a wand of charming (12)
 j - a wand of mindburst (17)
 t - a wand of roots (12)
Scrolls
 c - 2 scrolls of amnesia
 e - 2 scrolls of identify
 l - a scroll of magic mapping
 p - 2 scrolls of fog
Potions
 b - a potion of magic
 d - a potion of flight
 q - a potion of mutation
 s - a potion of cancellation {unknown}
 u - a potion of berserk rage {unknown}


   Skills:
 - Level 2.6 Fighting
 - Level 2.8 Polearms
 - Level 4.4 Dodging
 - Level 1.4 Stealth
 - Level 7.5 Spellcasting
 - Level 5.7 Conjurations
 - Level 7.5 Necromancy
 + Level 9.0 Translocations
 - Level 8.6 Ice Magic
 - Level 2.0 Evocations


You had 8 spell levels left.
You knew the following spells:

 Your Spells              Type           Power      Damage    Failure   Level
a - Freeze                Ice            100%       1d11      1%          1
b - Frozen Ramparts       Ice            100%       1d16      1%          3
c - Hailstorm             Conj/Ice       43%        3d10      3%          4
d - Vampiric Draining     Necr           45%        2d9       1%          3
e - Dispersal             Tloc           25%        N/A       26%         6

Your spell library contained the following spells:

 Spells                   Type           Power      Damage    Failure   Level
 Scorch                   Fire           18%        2d6       11%         2
 Necrotise                Necr           100%       1d9       1%          1
 Gell's Gravitas          Tloc           51%        N/A       1%          3
 Ozocubu's Armour         Ice            50%        N/A       1%          3
 Teleport Other           Tloc           51%        N/A       1%          3
 Portal Projectile        Hex/Tloc       60%        N/A       3%          3
 Agony                    Necr           45%        N/A       9%          5
 Call Canine Familiar     Summ           9%         N/A       21%         3
 Animate Armour           Summ/Erth      18%        N/A       56%         4
 Leda's Liquefaction      Hex/Erth       4%         N/A       56%         4
 Blade Hands              Tmut           4%         N/A       88%         5
 Iron Shot                Conj/Erth      11%        9d3       97%         6


Dungeon Overview and Level Annotations

Branches:
Dungeon (9/15) Zot: 2021   Temple (1/1) D:5 Zot: 560    Lair (0/5) D:8
    Orc: D:9-12

Altars:
Cheibriados
Kikubaaqudgha
Makhleb
Vehumet

Shops:
D:4 *


Innate Abilities, Weirdness & Mutations

You passively map the area around you.
You are easily found by Zot.
You glow in the dark.
You regain HP and MP as you explore.
You are dopey. (Int -2)
You are somewhat resistant to further mutation.
You are robust. (+10% HP)
You occasionally lose the ability to drink potions when taking damage.


Message History

You kill the boulder beetle!
Vehumet accepts your kill.
You feel your power returning.
You feel your strength returning.
Your Translocations skill gained 2 levels and is now at level 9!
You have reached level 11!
You start waiting.
A catoblepas comes into view.
The catoblepas is engulfed in poison gas.
The catoblepas is poisoned.
The catoblepas is engulfed in poison gas.
The catoblepas looks even sicker.
Casting: Hailstorm (dangerous; 3% risk of failure)
Confirm with . or Enter, or press ? or * to list all spells.
Casting: Hailstorm (dangerous; 3% risk of failure)
Press: ? - help, Dir - look around, f - activate A cannonade of hail descends around you!
The hail pelts the catoblepas!
The catoblepas is heavily wounded.
The catoblepas is engulfed in poison gas.
The catoblepas looks even sicker.
The wall freezes the catoblepas.
Casting: Hailstorm (dangerous; 3% risk of failure)
Confirm with . or Enter, or press ? or * to list all spells.
Casting: Hailstorm (dangerous; 3% risk of failure)
Press: ? - help, Dir - look around, f - activate A cannonade of hail descends around you!
The hail pelts the catoblepas.
The catoblepas is heavily wounded.
The frozen ramparts melt away.
You puncture the catoblepas!
The catoblepas is severely wounded.
The catoblepas gores you!!
You feel threatened and lose the ability to drink potions!
* * * LOW HITPOINT WARNING * * *
Unknown command.
You cannot drink potions in your current state!
You see here a hornet corpse.
The catoblepas breathes a plume of calcifying dust at you.
The blast of calcifying dust hits you.
You die...

, .. * .. , *
* *# #.., ,...
, #.#.#
*##.#** * *,
#.#.#*#... ,,,
#.#.##...* * *
#...#..# ,, ,
#...#)# * * *
* #.))# , , ,,
#@#)##,
#ยง#..###,
#Y##...####.#,
#.###.......#
, #.#
###.##### *
#.# ##.#####
#.# ,+..#...#,
* #.# #..'...#
# , #.#
+..#...#.# ,,


You could see a catoblepas (very poisoned).

Vanquished Creatures
  A boulder beetle (D:9)
  Pikel (D:5)
  An unseen horror (D:9)
  Prince Ribbit (D:5)
  A hornet (D:9)
  A vampire (D:9)
  A wyvern (D:8)
  A steam dragon (D:6)
  3 wargs (D:8)
  A water moccasin (D:9)
  Duvessa (D:6)
  A sky beast (D:6)
  2 orc warriors
  2 black bears
  3 centaurs
  A lemure (D:5)
  2 kobold brigands (D:8)
  3 bullfrogs
  A gnoll sergeant (D:9)
  2 scorpions
  A necrophage (D:5)
  5 wights
  Dowan (D:6)
  6 killer bees (D:8)
  2 hounds (D:5)
  6 orc priests
  2 iguanas
  10 orc wizards
  8 gnolls
  5 adders
  4 shadow imps
  An ufetubus (D:6)
  A worm (D:3)
  A dart slug (D:3)
  16 orcs
  A bat (D:3)
  5 endoplasms
  3 giant cockroaches (D:4)
  3 jackals (D:4)
  A quokka (D:4)
  3 ball pythons
  11 kobolds
  A rat (D:1)
127 creatures vanquished.

Vanquished Creatures (others)
  A white imp (D:6)
1 creature vanquished.

Grand Total: 128 creatures vanquished

Notes
Turn   | Place    | Note
-------+----------+-------------------------------------------
     0 | D:1      | hawla the Meteoran Ice Elementalist began the quest for the
                  | Orb.
     0 | D:1      | Reached XP level 1. HP: 14/14 MP: 5/5
   112 | D:2      | Reached XP level 2. HP: 12/20 MP: 2/6
   178 | D:3      | Reached skill level 5 in Ice Magic
   214 | D:3      | Reached XP level 3. HP: 10/26 MP: 6/8
   269 | D:4      | Learned a level 3 spell: Frozen Ramparts
   304 | D:4      | Noticed a scorpion
   309 | D:4      | Killed a scorpion
   310 | D:4      | Reached XP level 4. HP: 33/33 MP: 4/10
   310 | D:4      | Reached XP level 5. HP: 38/38 MP: 4/11
   317 | D:4      | Learned a level 4 spell: Hailstorm
   331 | D:4      | Found Zyimeof's General Store.
   377 | D:4      | Noticed a bullfrog
   381 | D:4      | Reached skill level 1 in Conjurations
   383 | D:4      | Killed a bullfrog
   384 | D:4      | Reached XP level 6. HP: 34/45 MP: 7/12
   415 | D:4      | Identified the ring of the Little Devil {rN+ Str+4 Int+6}
   989 | D:5      | Entered Level 5 of the Dungeon
  1060 | D:5      | Noticed Prince Ribbit
  1064 | D:5      | Found a staircase to the Ecumenical Temple.
  1071 | D:5      | Reached skill level 5 in Conjurations
  1073 | D:5      | Killed Prince Ribbit
  1074 | D:5      | Reached XP level 7. HP: 23/51 MP: 1/14
  1079 | Temple   | Entered the Ecumenical Temple
  1097 | Temple   | Became a worshipper of Vehumet
  1138 | D:5      | Gained mutation: You are robust. (+10% HP) [potion of
                  | mutation]
  1138 | D:5      | Gained mutation: You are dopey. (Int -2) [potion of
                  | mutation]
  1138 | D:5      | Gained mutation: You occasionally lose the ability to drink
                  | potions when taking damage. [potion of mutation]
  1138 | D:5      | Gained mutation: You are somewhat resistant to further
                  | mutation. [potion of mutation]
  1148 | D:5      | Reached skill level 1 in Fighting
  1148 | D:5      | Reached XP level 8. HP: 35/64 MP: 9/16
  1261 | D:5      | Identified the +5 trident of the Scorpion {vorpal, Str+7}
  1301 | D:5      | Reached skill level 5 in Spellcasting
  1602 | D:5      | Noticed Pikel
  1608 | D:5      | Killed Pikel
  1609 | D:5      | Gained mutation: You passively map the area around you.
                  | [Meteoran growth]
  1609 | D:5      | Reached XP level 9. HP: 64/70 MP: 18/19
  1892 | D:6      | Reached skill level 1 in Polearms
  1902 | D:6      | Noticed Duvessa
  1904 | D:6      | Noticed Dowan
  1909 | D:6      | Killed Dowan
  1911 | D:6      | Killed Duvessa
  2337 | D:7      | Learned a level 3 spell: Vampiric Draining
  2512 | D:8      | Reached skill level 1 in Necromancy
  2523 | D:8      | Reached * piety under Vehumet
  2523 | D:8      | Offered knowledge of Shock by Vehumet.
  2749 | D:8      | Reached XP level 10. HP: 81/81 MP: 22/22
  2755 | D:8      | Reached skill level 5 in Necromancy
  2755 | D:8      | Offered knowledge of Magic Dart by Vehumet.
  2755 | D:8      | Reached ** piety under Vehumet
  2913 | D:8      | Found a staircase to the Lair.
  2959 | D:8      | Learned a level 6 spell: Dispersal
  2974 | D:8      | Reached skill level 1 in Translocations
  2996 | D:8      | Reached skill level 2 in Translocations
  3052 | D:8      | Reached skill level 3 in Translocations
  3055 | D:8      | Reached skill level 4 in Translocations
  3072 | D:8      | Reached skill level 5 in Translocations
  3271 | D:9      | Reached skill level 6 in Translocations
  3301 | D:9      | Killed an unseen horror
  3354 | D:9      | Reached skill level 7 in Translocations
  3359 | D:9      | Offered knowledge of Scorch by Vehumet.
  3384 | D:9      | Noticed a boulder beetle
  3390 | D:9      | Killed a boulder beetle
  3391 | D:9      | Reached skill level 9 in Translocations
  3391 | D:9      | Reached XP level 11. HP: 27/89 MP: 5/23
  3397 | D:9      | Noticed a catoblepas
  3403 | D:9      | HP: 4/89 [catoblepas (26)]
  3406 | D:9      | Killed from afar by a catoblepas

Illustrated notes

Levels and vault maps discovered:
D:1:      lightli_arrival_statuegarden, layout_loops_ring, hex_large
D:2:      layout_basic, hellmonk_ecumenical_altar_inner_sanctum,
          uniq_crazy_yiuf_cottage, uniq_sigmund
D:3:      layout_loops_corners, nicolae_kite_square_tiling_tiny
D:4:      layout_basic, nrook_campfire, nicolae_take_the_stairs, kennysheep_nub,
          minmay_box_of_dots
D:5:      layout_loops_ring, minmay_temple_entry_hall, uniq_pikel,
          uniq_prince_ribbit1
D:6:      layout_cave_pods, mainiacjoe_overflow_paths, uniq_duvessa
D:7:      layout_basic
D:8:      layout_basic, erik_lair_orcish_takeover, hangedman_decor_opposing
D:9:      minmay_the_grid_3x3 [minmay_the_grid_minigrid_medium,
          minmay_the_grid_minigrid_large, minmay_the_grid_large_cup,
          minmay_the_grid_zigzag_pyramid, minmay_the_grid_tree,
          minmay_the_grid_embedded, minmay_the_grid_spikes,
          minmay_the_grid_box_x, minmay_the_grid_prize_inner_circle],
          layout_basic, nemelex_diamond_rough_becter
Temple:   nicolae_temple_slightly_damp_pantheon

Skill      XL: |  1  2  3  4  5  6  7  8  9 10 |
---------------+-------------------------------+-----
Ice Magic      | 5 6 7 8 |  8.6
Spellcasting   | 3 4 6 7 |  7.5
Dodging        | 3 4 |  4.4
Conjurations   | 3 5 |  5.7
Fighting       | 1 2 |  2.6
Evocations     | 2 |  2.0
Polearms       | 2 |  2.8
Necromancy     | 4 7 |  7.5
Translocations | 9 |  9.0
Stealth        | |  1.4

Action                   |  1- 3 |  4- 6 |  7- 9 | 10-12 || total
-------------------------+-------+-------+-------+-------++-------
Melee: Unarmed           |    13 |    39 |       |       ||    52
       Trident           |       |       |    32 |    48 ||    80
 Cast: Freeze            |    23 |    16 |    25 |     7 ||    71
       Frozen Ramparts   |     1 |     8 |    15 |    15 ||    39
       Hailstorm         |       |     1 |    15 |    18 ||    34
Evoke: Wand              |       |       |     1 |     2 ||     3
  Use: Scroll            |     1 |       |    13 |     3 ||    17
       Potion            |       |       |     2 |     3 ||     5
Armor: Robe              |     8 |    10 |    19 |    11 ||    48
Dodge: Dodged            |    13 |    28 |    58 |    50 ||   149
